 Dungeon Sprint DCSS version 0.21-a0-405-gf2af9a1 (webtiles) character file.

41649 Kidiri the Eclecticist (level 13, 0/123 HPs)
             Began as a Deep Elf Fire Elementalist on Nov 1, 2017.
             Was the Champion of Vehumet.
             Succumbed to something's poison gas
             ... in the Dungeon (Sprint III: "The Ten Rune Challenge") on Nov 2, 2017.
             The game lasted 00:38:05 (5730 turns).

Kidiri the Eclecticist (Deep Elf Fire Elementalist) Turns: 5730, Time: 00:38:06

Health: 0/123      AC: 26    Str:  5    XL:     13   Next: 10%
Magic:  29/35      EV:  2    Int: 26    God:    Vehumet [******]
Gold:   49         SH:  0    Dex: 15    Spells: 4/51 levels left

rFire    . . .     SeeInvis .   C - +0 short sword (elec)
rCold    . . .     Gourm    +   (no shield)
rNeg     + + +     Faith    .   (armour currently unavailable)
rPois    +         Spirit   .   (helmet currently unavailable)
rElec    .         Reflect  .   (cloak currently unavailable)
rCorr    .         Harm     .   (gloves currently unavailable)
MR       +....     Rnd*Rage +   (boots currently unavailable) Stlth ++........NoTele +
                                K - amulet of the gourmand
HPRegen  0.30/turn              (no ring)
MPRegen  0.24/turn              (no ring)

@: lethally poisoned (0 -> -48), tree-form
A: rugged brown scales 1, berserk 1, low mp 1, wild magic 1, evolution 1
}: 1/10 runes: serpentine
a: Renounce Religion


You were in the Dungeon.
You worshipped Vehumet.
Vehumet was exalted by your worship.
You were not hungry.
You were a tree.
You visited 1 branch You collected 49 gold pieces.

Inventory:

Hand Weapons
 C - a +0 short sword of electrocution (weapon)
Missiles
 s - 8 throwing nets (quivered)
Armour
 p - a +2 cloak of invisibility (melded)
 A - a +4 ring mail of fire resistance (melded)
Jewellery
 K - an amulet of the gourmand (around neck)
Wands
 m - a wand of flame (23/48)
 v - a wand of disintegration (18/24)
 x - a wand of confusion (16/48)
 F - a wand of disintegration (15/24)
Scrolls
 k - 5 scrolls of remove curse
 r - 2 scrolls of torment
 w - a scroll of amnesia
 H - a scroll of enchant weapon {unknown}
Potions
 f - 2 potions of haste
 g - a potion of magic
 h - 2 potions of berserk rage
 l - a potion of might
 q - 4 potions of mutation
 t - 3 potions of flight
Comestibles
 c - 2 bread rations
 j - 24 royal jellies
 u - a meat ration
 J - 9 fruits


   Skills:
 + Level 8.9 Fighting
 + Level 10.6 Short Blades
 + Level 8.9 Armour
 + Level 12.5 Dodging
 - Level 2.4 Stealth
 * Level 19.7 Spellcasting
 + Level 12.6 Conjurations
 + Level 13.0 Fire Magic
 + Level 4.7 Ice Magic
 + Level 10.5 Air Magic
 + Level 9.2 Earth Magic
 + Level 11.3 Poison Magic


You had 4 spell levels left.
You knew the following spells:

 Your Spells              Type           Power        Failure   Level  Hunger
a - Flame Tongue          Conj/Fire      #####        1%          1    None
b - Throw Flame           Conj/Fire      ######       1%          2    None
c - Conjure Flame         Conj/Fire      #######.     1%          3    None
d - Inner Flame           Hex/Fire       ######..     1%          3    None
e - Sticky Flame          Conj/Fire      #######.     1%          4    None
f - Fireball              Conj/Fire      #######...   1%          5    None
g - Bolt of Magma         Conj/Fire/Erth #######...   1%          5    None
h - Freezing Cloud        Conj/Ice/Air   #######...   2%          6    ##.....
i - Airstrike             Air            #######...   1%          4    None
j - Iron Shot             Conj/Erth      #######...   1%          6    ##.....
k - Mephitic Cloud        Conj/Pois/Air  #######.     1%          3    None
l - Venom Bolt            Conj/Pois      #######...   1%          5    None


Dungeon Overview and Level Annotations

Branches:
Dungeon (1/1)

Altars:
Cheibriados
Dithmenos
Elyvilon
Fedhas
Gozag
Hepliaklqana
Kikubaaqudgha
Makhleb
Nemelex Xobeh
Okawaru
Qazlal
Ru
Sif Muna
Trog
Uskayaw
Vehumet
Wu Jian
Xom
Yredelemnul
Zin
The Shining One
Beogh
Jiyva
Lugonu

Shops:
D [}!

Annotations:
D exclusion: 6 doors


Innate Abilities, Weirdness & Mutations

((You have large cloven feet.))
(You are partially covered in rugged brown scales. (AC +1, +3% HP))
You tend to lose your temper in combat.
Your magical capacity is low. (-10% MP)
Your spells are a little harder to cast, but a little more powerful.
You evolve.


Message History

You feel very sick.
Unknown command.
Unknown command.
* * * LOW HITPOINT WARNING * * *
You feel very sick.
Unknown command.
Unknown command.
Unknown command.
Unknown command.
* * * LOW HITPOINT WARNING * * *
You feel very sick.
* * * LOW HITPOINT WARNING * * *
You feel very sick.
You turn into a tree.
Your +2 cloak of invisibility melds into your body.
Your +4 ring mail of fire resistance melds into your body.
You feel less resistant to fire.
Your roots penetrate the ground.
* * * LOW HITPOINT WARNING * * *
You feel very sick.
You die...

#≈≈≈§§§≈≈≈≈'÷...[#.≈♣♣♣♣♣♣♣♣♣
#≈≈≈§.≈≈≈≈♣♣♣♣♣♣♣#..♣♣
#≈≈≈≈≈.≈≈≈♣ ###+♣♣♣♣♣♣♣♣
▓##+####'#######♣ ♣♣♣♣.##..##≈≈
▓..........%....♣♣ ♣...##.##.#≈≈
▓#+#############'♣ ♣♣.##.##.##'≈
. #≈......÷....♣ ♣..#.##[..#≈
...+≈≈...########♣♣♣♣♣.##.##..#≈
..J#≈≈≈........♣PP♣....##.#####.
J.#≈≈≈≈..................##...[
###########+#############'###
#§♣♣ #.... #♣§♣ #.... ♣§♣♣ #####
♣♣D♣ ##... ♣§§.♣ #.... ♣§♣D.#
#..##


There were no monsters in sight!

Vanquished Creatures
  the Lernaean hydra (D)
  Rupert (D)
  A nagaraja (D)
  Erolcha (D)
  A naga warrior (D)
  3 hydras (D)
  2 anacondas (D)
  4 death yaks (D)
  Urug (D)
  A death drake (D)
  A spriggan druid (D)
  A lindwurm (D)
  A swamp dragon (D)
  A deep elf mage (D)
  9 black mambas (D)
  A guardian serpent (D)
  2 spiny frogs (D)
  A rime drake (D)
  A komodo dragon (D)
  3 wandering mushrooms (D)
  2 tyrant leeches (D)
  A queen bee (D)
  8 blink frogs (D)
  5 redbacks (D)
  A shadow (D)
  2 spriggans (D)
  A spatial vortex (D)
  2 nagas (D)
  3 water moccasins (D)
  3 swamp drakes (D)
  3 fire dragon simulacra (D)
  A necrophage (D)
  A black mamba simulacrum (D)
  5 two-headed ogres (D)
  A water elemental (D)
  30 killer bees (D)
  An electric eel (D)
  A jelly (D)
  Crazy Yiuf (D)
  Jessica (D)
  A wizard (D)
  A necromancer (D)
  3 humans (D)
  A kobold demonologist (D)
  An adder (D)
  3 rats (D)
  5 plants (D)
125 creatures vanquished.

Vanquished Creatures (others)
  2 draconian scorchers (D)
  An iron dragon (D)
  A black mamba (D)
  3 rust devils (D)
  6 hellions (D)
  3 yaktaurs (D)
  2 killer bees (D)
  6 plants (D)
24 creatures vanquished.

Grand Total: 149 creatures vanquished

Notes
Turn   | Place    | Note
-------+----------+-------------------------------------------
     0 | D        | Kidiri the Deep Elf Fire Elementalist began the quest for the Orb.
     0 | D        | Reached XP level 1. HP: 10/10 MP: 6/6
    33 | D        | Noticed Jessica
    35 | D        | Killed Jessica
    35 | D        | Reached skill level 6 in Spellcasting
    35 | D        | Reached XP level 2. HP: 15/15 MP: 6/11
    40 | D        | Learned a level 2 spell: Throw Flame
    83 | D        | Killed a hellion
    97 | D        | Noticed Crazy Yiuf
   100 | D        | Killed a hellion
   105 | D        | Killed Crazy Yiuf
   105 | D        | Reached skill level 7 in Spellcasting
   105 | D        | Reached skill level 5 in Fire Magic
   105 | D        | Reached XP level 3. HP: 19/19 MP: 6/13
   107 | D        | Killed a hellion
   110 | D        | Learned a level 3 spell: Conjure Flame
   110 | D        | Killed a hellion
   111 | D        | Killed a hellion
   113 | D        | Killed a hellion
   114 | D        | Learned a level 3 spell: Inner Flame
   159 | D        | Gained mutation: You are partially covered in rugged brown scales. (AC +1, +3% HP) [potion of mutation]
   159 | D        | Gained mutation: Your spells are a little harder to cast, but a little more powerful. [potion of mutation]
   177 | D        | Reached skill level 8 in Spellcasting
   177 | D        | Reached XP level 4. HP: 20/24 MP: 6/16
   183 | D        | Learned a level 4 spell: Sticky Flame
   216 | D        | Killed a white draconian scorcher
   218 | D        | Killed a white draconian scorcher
   239 | D        | Noticed a water elemental
   241 | D        | Killed a water elemental
   241 | D        | Reached skill level 9 in Spellcasting
   241 | D        | Reached skill level 5 in Conjurations
   273 | D        | Found a radiant altar of Vehumet.
   274 | D        | Noticed a wizard
   274 | D        | Killed a wizard
   274 | D        | Reached skill level 10 in Spellcasting
   274 | D        | Reached XP level 5. HP: 28/28 MP: 13/19
   275 | D        | Found a deep blue altar of Sif Muna.
   275 | D        | Found an ancient bone altar of Kikubaaqudgha.
   277 | D        | Noticed a rust devil
   300 | D        | Learned a level 5 spell: Fireball
   304 | D        | Learned a level 3 spell: Mephitic Cloud
   307 | D        | Became a worshipper of Vehumet
   348 | D        | Found a glowing silver altar of Zin.
   349 | D        | Found a glowing golden altar of the Shining One.
   349 | D        | Found a white marble altar of Elyvilon.
   349 | D        | Noticed a deep elf mage
   354 | D        | Killed a deep elf mage
   354 | D        | Reached skill level 12 in Spellcasting
   354 | D        | Reached XP level 6. HP: 37/37 MP: 10/23
   354 | D        | Reached XP level 7. HP: 41/41 MP: 10/24
   426 | D        | Found an ornate altar of the Wu Jian Council.
   426 | D        | Found a roughly hewn altar of Beogh.
   426 | D        | Found an iron altar of Okawaru.
   426 | D        | Found a bloodstained altar of Trog.
   426 | D        | Found a hide-covered altar of Uskayaw.
   426 | D        | Noticed a human
   426 | D        | Noticed a human
   431 | D        | Killed a human
   431 | D        | Killed a human
   431 | D        | Reached skill level 5 in Dodging
   431 | D        | Reached * piety under Vehumet
   431 | D        | Offered knowledge of Sting by Vehumet.
   489 | D        | Found a basalt altar of Yredelemnul.
   489 | D        | Found a shadowy altar of Dithmenos.
   489 | D        | Found a sacrificial altar of Ru.
   544 | D        | Noticed a shadow
   545 | D        | Killed a shadow
   545 | D        | Reached ** piety under Vehumet
   545 | D        | Reached XP level 8. HP: 14/47 MP: 17/26
   545 | D        | Reached skill level 13 in Spellcasting
   793 | D        | Found a blossoming altar of Fedhas.
   793 | D        | Found a stormy altar of Qazlal.
   793 | D        | Found a snail-covered altar of Cheibriados.
   793 | D        | Found a burning altar of Makhleb.
   793 | D        | Found a shimmering altar of Xom.
   794 | D        | Found a hazy altar of Hepliaklqana.
   794 | D        | Found an opulent altar of Gozag.
   794 | D        | Found a sparkling altar of Nemelex Xobeh.
   794 | D        | Found a corrupted altar of Lugonu.
   794 | D        | Found a viscous altar of Jiyva.
   819 | D        | Offered knowledge of Freeze by Vehumet.
   933 | D        | Reached *** piety under Vehumet
   933 | D        | Reached skill level 5 in Poison Magic
   945 | D        | Offered knowledge of Searing Ray by Vehumet.
   987 | D        | Killed a yaktaur
  1072 | D        | Noticed a two-headed ogre
  1077 | D        | Killed a two-headed ogre
  1077 | D        | Offered knowledge of Airstrike by Vehumet.
  1077 | D        | Reached skill level 5 in Air Magic
  1083 | D        | Learned a level 4 spell: Airstrike
  1244 | D        | Noticed a two-headed ogre
  1244 | D        | Noticed Erolcha
  1250 | D        | Killed a two-headed ogre
  1250 | D        | Reached skill level 5 in Short Blades
  1252 | D        | Killed Erolcha
  1252 | D        | Reached **** piety under Vehumet
  1252 | D        | Reached skill level 14 in Spellcasting
  1252 | D        | Reached XP level 9. HP: 53/53 MP: 23/29
  1286 | D        | Offered knowledge of Venom Bolt by Vehumet.
  1293 | D        | Learned a level 5 spell: Venom Bolt
  1382 | D        | Noticed a queen bee
  1383 | D        | Reached ***** piety under Vehumet
  1383 | D        | Offered knowledge of Bolt of Magma by Vehumet.
  1385 | D        | Reached skill level 5 in Fighting
  1385 | D        | Reached skill level 5 in Armour
  1393 | D        | Learned a level 5 spell: Bolt of Magma
  1393 | D        | Reached skill level 1 in Earth Magic
  1394 | D        | Offered knowledge of Force Lance by Vehumet.
  1395 | D        | Reached ****** piety under Vehumet
  1395 | D        | Reached skill level 15 in Spellcasting
  1397 | D        | Reached skill level 10 in Fire Magic
  1398 | D        | Killed a queen bee
  1398 | D        | Reached XP level 10. HP: 60/60 MP: 2/31
  1662 | D        | Offered knowledge of Lightning Bolt by Vehumet.
  1819 | D        | Noticed a spiny frog
  1819 | D        | Noticed a spiny frog
  1822 | D        | Killed a spiny frog
  1822 | D        | Killed a spiny frog
  1873 | D        | Reached skill level 10 in Conjurations
  1878 | D        | Reached skill level 16 in Spellcasting
  1921 | D        | Offered knowledge of Poison Arrow by Vehumet.
  2016 | D        | Noticed a lindwurm
  2019 | D        | Killed a lindwurm
  2092 | D        | Noticed Urug
  2097 | D        | Killed Urug
  2097 | D        | Reached XP level 11. HP: 67/67 MP: 23/33
  2186 | D        | Offered knowledge of Ozocubu's Refrigeration by Vehumet.
  2186 | D        | Reached skill level 5 in Earth Magic
  2365 | D        | Reached skill level 10 in Dodging
  2403 | D        | Noticed Rupert
  2423 | D        | Killed Rupert
  2423 | D        | Reached skill level 17 in Spellcasting
  2536 | D        | Noticed a death yak
  2537 | D        | Noticed a death yak
  2539 | D        | Offered knowledge of Iron Shot by Vehumet.
  2541 | D        | Noticed a death yak
  2542 | D        | Killed a death yak
  2542 | D        | Killed a death yak
  2543 | D        | Noticed a death yak
  2553 | D        | Learned a level 6 spell: Iron Shot
  2606 | D        | Killed a death yak
  2606 | D        | Killed a death yak
  2690 | D        | Offered knowledge of Freezing Cloud by Vehumet.
  2690 | D        | Reached skill level 18 in Spellcasting
  2776 | D        | Noticed an azure jelly
  2776 | D        | Noticed an azure jelly
  2790 | D        | Noticed a swamp dragon
  2793 | D        | Noticed a swamp dragon
  3140 | D        | Noticed the 27-headed Lernaean hydra
  3144 | D        | Killed the 27-headed Lernaean hydra
  3144 | D        | Reached skill level 10 in Poison Magic
  3144 | D        | Reached XP level 12. HP: 75/75 MP: 11/36
  3146 | D        | Noticed a four-headed hydra
  3157 | D        | Learned a level 6 spell: Freezing Cloud
  3418 | D        | HP: 3/75 [poisoned by something (poison gas)]
  3424 | D        | HP: 3/75 [poisoned by something (poison gas)]
  3432 | D        | HP: 2/75 [poisoned by something (poison gas)]
  3612 | D        | Killed an iron dragon
  3823 | D        | Killed a four-headed hydra
  3823 | D        | Reached skill level 1 in Ice Magic
  4200 | D        | Noticed an azure jelly
  4277 | D        | Noticed a six-headed hydra
  4277 | D        | Noticed an eight-headed hydra
  4279 | D        | Killed an eight-headed hydra
  4283 | D        | Killed a six-headed hydra
  4284 | D        | Offered knowledge of Lehudib's Crystal Spear by Vehumet.
  4284 | D        | Offered knowledge of Fire Storm by Vehumet.
  4284 | D        | Offered knowledge of Shatter by Vehumet.
  4284 | D        | Reached skill level 19 in Spellcasting
  4584 | D        | Found a blossoming altar of Fedhas.
  4588 | D        | Reached skill level 10 in Short Blades
  4588 | D        | Reached skill level 10 in Air Magic
  4665 | D        | Noticed an anaconda
  4665 | D        | Noticed an anaconda
  4669 | D        | Killed an anaconda
  4672 | D        | Killed an anaconda
  4708 | D        | Noticed a naga warrior
  4717 | D        | Killed a naga warrior
  5077 | D        | Gained mutation: You have large cloven feet. [mutagenic meat]
  5078 | D        | Gained mutation: You tend to lose your temper in combat. [mutagenic meat]
  5079 | D        | Gained mutation: Your magical capacity is low. (-10% MP) [mutagenic meat]
  5080 | D        | Gained mutation: You evolve. [mutagenic meat]
  5322 | D        | Noticed a nagaraja
  5327 | D        | Killed a nagaraja
  5327 | D        | Reached XP level 13. HP: 82/82 MP: 18/35
  5611 | D        | Found Dohonta's Antique Armour Shop.
  5611 | D        | Found Kasunorph's Gadget Shoppe.
  5619 | D        | Found Gem Neni's Distillery.
  5636 | D        | Got a serpentine rune of Zot
  5729 | D        | HP: 4/123 [poisoned by something (poison gas)]
  5730 | D        | Succumbed to something's poison gas

Vault maps used:
D:        dungeon_sprint_mu

Skill      XL: |  1  2  3  4  5  6  7  8  9 10 11 12 |
---------------+-------------------------------------+-----
Spellcasting   | 6 7 8 10 12 14 15 16 18 19 | 19.7
Conjurations   | 3 4 5 7 8 9 10 11 12 | 12.6
Fire Magic     | 4 5 6 7 8 9 10 12 13 | 13.0
Fighting       | 2 3 4 5 6 8 |  8.9
Short Blades   | 3 4 5 6 7 9 10 | 10.6
Armour         | 2 3 4 5 6 8 |  8.9
Dodging        | 4 5 7 8 9 11 12 | 12.5
Air Magic      | 3 4 5 6 7 9 10 | 10.5
Poison Magic   | 3 4 6 7 8 10 11 | 11.3
Earth Magic    | 2 4 7 9 |  9.2
Ice Magic      | 4 |  4.7
Stealth        | |  2.4

Action                   |  1- 3 |  4- 6 |  7- 9 | 10-12 | 13-15 || total
-------------------------+-------+-------+-------+-------+-------++-------
Melee: Quarterstaff      |       |       |     3 |       |       ||     3
       Short sword       |       |       |       |    21 |     1 ||    22
Throw: Throwing net      |       |       |       |     2 |       ||     2
 Cast: Flame Tongue      |    16 |     5 |    48 |     8 |     7 ||    84
       Sticky Flame      |       |     3 |     4 |     7 |     2 ||    16
       Conjure Flame     |       |     1 |     6 |     2 |       ||     9
       Mephitic Cloud    |       |     1 |     4 |     1 |       ||     6
       Inner Flame       |       |       |     3 |       |       ||     3
       Fireball          |       |       |     5 |    11 |     1 ||    17
       Venom Bolt        |       |       |     4 |     7 |       ||    11
       Throw Flame       |       |       |     1 |     2 |     1 ||     4
       Bolt of Magma     |       |       |       |    54 |       ||    54
       Airstrike         |       |       |       |    15 |     2 ||    17
       Iron Shot         |       |       |       |     7 |     3 ||    10
       Freezing Cloud    |       |       |       |     4 |       ||     4
  Use: Potion            |     1 |       |       |     5 |     1 ||     7
       Scroll            |       |       |     3 |     3 |       ||     6
 Stab: Confused          |       |       |     1 |     1 |       ||     2
       Sleeping          |       |       |       |     1 |       ||     1
       Held in net/web   |       |       |       |     1 |       ||     1
  Eat: Chunk             |       |       |     1 |    19 |     2 ||    22
       Royal jelly       |       |       |       |     1 |       ||     1
Armor: Ring mail         |       |       |       |    10 |     2 ||    12
Dodge: Dodged            |     3 |     1 |     5 |    25 |     7 ||    41

Table legend:
 A = Spawn XP
 B = Non-spawn XP
 C = Spawn XP percentage of total XP
 D = Spawn monster count
 E = Non-spawn monster count
 F = Spawn count percentage of total count
 G = Total turns spent on level
                    A         B        C        D         E        F      G
               +---------+---------+-------+---------+---------+-------+---------
         Total |       0 |   40928 |   0.0 |       0 |     122 |   0.0 |  5730
               +---------+---------+-------+---------+---------+-------+---------
             D |       0 |   40928 |   0.0 |       0 |     122 |   0.0 |  5730
               +---------+---------+-------+---------+---------+-------+---------
